 Dungeon Crawl Stone Soup version 0.27.1-34-g3ba077fa99 (webtiles) character file.

Game seed: 8043169323667387829

206 BoredOne the Magician (level 6, 0/47 HPs)
             Began as a Djinni Conjurer on Jan 7, 2022.
             Slain by Crazy Yiuf (16 damage)
             ... on level 2 of the Dungeon.
             The game lasted 00:06:27 (1964 turns).

BoredOne the Magician (Djinni Conjurer)             Turns: 1964, Time: 00:06:28

Health: 0/47       AC:  2    Str:  6    XL:     6   Next: 10%
Gold:   71         EV: 12    Int: 21    God:
                   SH:  0    Dex: 12

rFire    + + +     SeeInvis .   (no weapon)
rCold    x x .     Faith    .   (no shield)
rNeg     . . .     Spirit   .   a - +0 robe
rPois    ∞         Reflect  .   (no helmet)
rElec    .         Harm     .   (no cloak)
rCorr    .         Rampage  .   (no gloves)
Will     .....                  (boots unavailable)
Stlth    ++........             (no amulet)
HPRegen  0.15/turn              b - ring of fire
MPRegen  0.00/turn              (no ring)

@: flying
A: sickness immunity, fire resistance 2, cold vulnerability 1, float, innate
caster, hp casting, extra vitality 1
a: no special abilities


You were on level 2 of the Dungeon.
You visited 1 branch of the dungeon, and saw 2 of its levels.

You collected 71 gold pieces.

Inventory:

Missiles
 e - 13 poisoned darts
Armour
 a - a +0 robe (worn)
Jewellery
 b - a ring of fire (left hand)
Scrolls
 c - a scroll of brand weapon {unknown}
 d - a scroll of fog {unknown}
 f - a scroll of identify {unknown}
Potions
 g - a potion of attraction {unknown}


   Skills:
 * Level 3.6 Fighting
 - Level 2.1 Dodging
 - Level 1.5 Stealth
 * Level 4.4 Spellcasting


You couldn't memorise any spells.
You knew the following spells:

 Your Spells              Type           Power      Damage    Failure   Level
a - Magic Dart            Conj           92%        1d7       1%          1
b - Searing Ray           Conj           46%        3d4       2%          2
c - Dazzling Flash        Conj/Hex       46%        N/A       5%          3
d - Fulminant Prism       Conj/Hex       11%        3d9       19%         4
e - Iskenderun's Mystic   Conj/Tloc      23%        2d6       19%         4
f - Beastly Appendage     Tmut           46%        N/A       1%          1
g - Wereblood             Tmut           23%        N/A       2%          2
Your spell library was empty.

Dungeon Overview and Level Annotations

Branches:
Dungeon (2/15)

Altars:

Annotations:
D:2 Crazy Yiuf


Innate Abilities, Weirdness & Mutations

You are immune to sickness and miasma.
You are immune to poison.
Your flesh is very heat resistant. (rF++)
You are vulnerable to cold. (rC-)
You float through the air rather than walking.
You learn spells naturally, not from books.
Your magical power is your life essence.
You have superior vitality. (+4 HP)


Message History

The searing ray hits the goblin!
You kill the goblin! (Press . to maintain the ray.) Unknown command.
Things that are here:
a +0 club; a goblin corpse
Found 26 stones.
You now have 71 gold pieces (gained 10).
Found a stone staircase leading up.
There is a stone staircase leading up here.
Found a ring mail.
Found a mace.
Found a runed translucent door.
Crazy Yiuf shouts!
There's nothing to close nearby.
You reach down and open the door.
Casting: Searing Ray (safe; 2% risk of failure)
Confirm with . or Enter, or press ? or * to list all spells.
You don't know that spell.
Unknown command.
Casting: Searing Ray (safe; 2% risk of failure)
Confirm with . or Enter, or press ? or * to list all spells.
Aiming: Searing Ray (safe; 2% risk of failure)
Press: ? - help, Shift-Dir - straight line, f - Crazy Yiuf
Aim: Crazy Yiuf, wielding a +4 quarterstaff of chaos and wearing a +2 cloak of stealth (81% to hit)
The searing ray misses Crazy Yiuf. (Press . to maintain the ray.) Crazy Yiuf hits you with a +4 quarterstaff of chaos!
Crazy Yiuf burns you.
The searing ray hits Crazy Yiuf!
Crazy Yiuf is heavily wounded.
Crazy Yiuf hits you with a +4 quarterstaff of chaos!
The searing ray hits Crazy Yiuf but does no damage.
Crazy Yiuf is heavily wounded.
Crazy Yiuf hits you with a +4 quarterstaff of chaos.
The searing ray hits Crazy Yiuf.
Crazy Yiuf is severely wounded.
You finish channeling your searing ray.
Crazy Yiuf cries, "Tosser!
Citrus tea verde."
Crazy Yiuf hits you with a +4 quarterstaff of chaos!
You die...

#####
#..)#
#...#
...
#g#
♣♣@♣
♣.♣♣
♣♣.♣
♣.♣♣
♣♣.♣♣
♣...♣♣
♣....♣
#....#
####
#....#
#..#


You could see Crazy Yiuf.

Vanquished Creatures
  Sigmund (D:2)
  4 adders (D:2)
  2 ball pythons (D:1)
  An endoplasm (D:1)
  2 giant cockroaches (D:1)
  4 goblins
  4 hobgoblins
  3 kobolds
  A quokka (D:1)
  5 bats
  2 frilled lizards
  7 rats
36 creatures vanquished.

Notes
Turn   | Place    | Note
-------+----------+-------------------------------------------
     0 | D:1      | BoredOne the Djinni Conjurer began the quest for the Orb.
     0 | D:1      | Reached XP level 1. HP: 15/15 MP: 0/0
   396 | D:1      | Reached XP level 2. HP: 21/22 MP: 0/0
   459 | D:1      | Reached skill level 1 in Fighting
   636 | D:1      | Found a faded altar of an unknown god.
   902 | D:1      | Reached XP level 3. HP: 27/27 MP: 0/0
   902 | D:1      | Learned a level 1 spell: Beastly Appendage
  1129 | D:2      | Noticed Sigmund
  1135 | D:2      | Killed Sigmund
  1136 | D:2      | Reached skill level 4 in Spellcasting
  1136 | D:2      | Reached XP level 4. HP: 20/35 MP: 0/0
  1136 | D:2      | Reached XP level 5. HP: 23/40 MP: 0/0
  1136 | D:2      | Learned a level 2 spell: Wereblood
  1542 | D:2      | Reached XP level 6. HP: 38/46 MP: 0/0
  1956 | D:2      | Found a runed translucent door.
  1957 | D:2      | Noticed Crazy Yiuf
  1964 | D:2      | Slain by Crazy Yiuf

Illustrated notes

Levels and vault maps discovered:
D:1:      roderic_crop_circles_arrival_small, layout_basic,
          shapermc_ecumenical_altar_mp_vishouse, serial_curves, eino_curves_01,
          eino_curves_02
D:2:      wad_lake_hut, layout_loops_cross, hangedman_decor_points,
          skrybe_limestone_x, uniq_sigmund, uniq_crazy_yiuf_cottage

Skill      XL: |  1  2  3 |
---------------+----------+-----
Fighting       | 1 3 |  3.6
Spellcasting   | 4 |  4.4
Dodging        | |  2.1
Stealth        | |  1.5

Action                   |  1- 3 |  4- 6 || total
-------------------------+-------+-------++-------
 Cast: Magic Dart        |    36 |    17 ||    53
       Searing Ray       |     2 |     8 ||    10
Armor: Robe              |       |     1 ||     1
Dodge: Dodged            |     6 |     3 ||     9
